 Dungeon Crawl Stone Soup version 0.29.1-12-g30fa7ad0bf (webtiles) character file.

Game seed: 779688892344263088

49 bubby the Stinger (level 3, -4/22 HPs)
             Began as an Octopode Venom Mage on Jan 14, 2023.
             Slain by a gnoll
             ... wielding a +0 flail
              (12 damage)
             ... on level 2 of the Dungeon.
             The game lasted 00:03:45 (1514 turns).

bubby the Stinger (Octopode Venom Mage)             Turns: 1514, Time: 00:03:46

Health: -4/22      AC:  1    Str:  7    XL:     3   Next: 75%
Magic:  2/6        EV: 13    Int: 25    God:
Gold:   21         SH:  0    Dex: 12    Spells: 5/6 levels left

rFire   . . .      SeeInvis .   b - +0 dagger (speed)
rCold   . . .      Faith    .   (no shield)
rNeg    . . .      Spirit   .   (helmet restricted)
rPois   .          Reflect  .   (no amulet)
rElec   .          Harm     .   e - +6 ring of intelligence
rCorr   .          Rampage  .   (no ring)
Will    .....                   (no ring)
Stlth   +++.......              (no ring)
HPRegen 0.07/turn               (no ring)
MPRegen 0.10/turn               (no ring)
                                (no ring)
                                (no ring)

@: no status effects
A: almost no armour, amphibious, 8 rings, camouflage 1, gelatinous body 1,
(nimble swimmer 1), tentacles
a: no special abilities


You were on level 2 of the Dungeon.
You visited 1 branch of the dungeon, and saw 2 of its levels.

You collected 21 gold pieces.

Inventory:

Hand Weapons
 b - a +0 dagger of speed (weapon)
Jewellery
 e - a +6 ring of intelligence (left tentacle)
Scrolls
 d - a scroll of fear {unknown}
 f - a scroll of butterflies {unknown}
 g - a scroll of noise {unknown}
Potions
 a - 4 potions of magic
 c - a potion of brilliance {unknown}


   Skills:
 + Level 0.9 Fighting
 + Level 2.4 Dodging
 + Level 3.4 Stealth
 + Level 2.3 Spellcasting
 + Level 1.5 Transmutations
 + Level 4.0 Poison Magic


You had 5 spell levels left.
You knew the following spells:

 Your Spells              Type           Power      Damage    Failure   Level
a - Sting                 Tmut/Pois      64%        1d6       3%          1

Your spell library contained the following spells:

 Spells                   Type           Power      Damage    Failure   Level
 Poisonous Vapours        Pois/Air       24%        N/A       7%          2
 Mephitic Cloud           Conj/Pois/Air  9%         N/A       19%         3
 Olgreb's Toxic Radiance  Pois           22%        N/A       21%         4


Dungeon Overview and Level Annotations

Branches:
Dungeon (2/15)

Altars:


Innate Abilities, Weirdness & Mutations

You cannot wear most types of armour.
You are amphibious.
You can wear up to eight rings at the same time.
Your skin changes colour to match your surroundings (Stealth+).
Your rubbery body absorbs attacks. (AC +1, EV +1)
((You are camouflaged when in or above water. (Stealth+)))
You have tentacles for arms and can constrict up to eight enemies at once.


Message History

A hobgoblin and a ball python come into view.
The ball python hisses angrily.
There are monsters nearby!
The sting hits the ball python.
The ball python is poisoned.
You kill the ball python!
You see here a ball python corpse.
A gnoll comes into view. It is wielding a +0 flail.
A gnoll is nearby! 2 gnolls come into view.
The gnoll moves out of view.
The gnoll shouts!
You hear a shout!
The gnoll shouts!
The sting hits the gnoll.
The gnoll is poisoned.
The gnoll is heavily wounded.
A gnoll comes into view. It is wielding a +0 whip.
The sting hits the gnoll but does no damage.
The gnoll looks even sicker.
The gnoll is severely wounded.
The gnoll shouts!
The sting hits the gnoll.
The gnoll looks even sicker.
You kill the gnoll!
Your Poison Magic skill increases to level 4!
The sting misses the gnoll.
The sting hits the gnoll.
The gnoll is poisoned.
The gnoll is lightly wounded.
The gnoll hits you with a +0 flail!
Ouch! That really hurt!
You are too injured to fight recklessly!
The gnoll attacks as you move away! The gnoll hits you with a +0 flail.
The gnoll attacks as you move away! The gnoll misses you.
You hit the gnoll. Your grab misses the gnoll.
The gnoll is heavily wounded.
The gnoll barely misses you.
You hit the gnoll but do no damage. Your grab misses the gnoll.
The gnoll is severely wounded.
You closely miss the gnoll. You grab the gnoll.
The gnoll is severely wounded.
You constrict the gnoll, but do no damage.
The gnoll hits you with a +0 flail!
Ouch! That really hurt!
You die...

.# #....# ##...## .# #....#
##.)...## .# ##...#
#.......######## <# ##.##
#............... .# #.#
#.......######## .#
#.#####.....## )# #######
#........<.## ..
.......#######################
### #....).gg@...............#
##.#####################.# ...
#.# .g.## #.# ###. #†# # #.#
######.# ......... #######.#


You could see 2 gnolls.

Vanquished Creatures
  2 gnolls (D:2)
  A worm (D:2)
  2 dart slugs (D:1)
  3 bats
  An endoplasm (D:1)
  A giant cockroach (D:1)
  4 hobgoblins (D:1)
  3 ball pythons
  2 frilled lizards (D:1)
  4 kobolds (D:1)
  A rat (D:1)
24 creatures vanquished.

Vanquished Creatures (others)
  4 fungi (D:1)
  10 plants
14 creatures vanquished.

Grand Total: 38 creatures vanquished

Notes
Turn   | Place    | Note
-------+----------+-------------------------------------------
     0 | D:1      | bubby the Octopode Venom Mage began the quest for the Orb.
     0 | D:1      | Reached XP level 1. HP: 11/11 MP: 3/3
   145 | D:1      | Reached XP level 2. HP: 12/17 MP: 0/5
   879 | D:1      | Reached XP level 3. HP: 22/22 MP: 2/6
  1032 | D:1      | Found a faded altar of an unknown god.
  1507 | D:2      | Reached skill level 4 in Poison Magic
  1514 | D:2      | Slain by a gnoll

Illustrated notes

Levels and vault maps discovered:
D:1:      roderic_crossed_star, layout_loops_ring,
          dreamdust_ecumenical_altar_hidden_monk_grotto
D:2:      layout_loops_ring, serial_bayou_pond_a

Skill      XL: |  1  2  3 |
---------------+----------+-----
Stealth        | 3 |  3.4
Poison Magic   | 4 |  4.0
Fighting       | |  0.9
Dodging        | |  2.4
Spellcasting   | |  2.3
Transmutations | |  1.5

Action                   || total
-------------------------++-------
Melee: Unarmed           ||     5
       Constrict         ||     7
       Tentacles         ||     5
       Dagger            ||     9
 Cast: Sting             ||    46
Dodge: Dodged            ||    12
